 Dungeon Crawl Stone Soup version 0.25-a0-164-gb55e97dba5 (webtiles) character file.

Game seed: 16496520876625799382, levelgen mode: deterministic

138 Leeroy the Skirmisher (level 5, -1/48 HPs)
             Began as a Draconian Conjurer on Nov 22, 2019.
             Slain by Sigmund
             ... wielding a +0 scythe
              (3 damage)
             ... on level 3 of the Dungeon.
             The game lasted 00:03:45 (1650 turns).

Leeroy the Skirmisher (Draconian Conjurer)          Turns: 1650, Time: 00:03:45

Health: -1/48      AC:  6    Str: 10    XL:     5   Next: 1%
Magic:  8/8        EV: 12    Int: 16    God:
Gold:   135        SH:  0    Dex: 12    Spells: 3/8 levels left

rFire    . . .     SeeInvis .   e - +1 dagger (distort)
rCold    . . .     Gourm    .   (no shield)
rNeg     . . .     Faith    .   (armour unavailable)
rPois    .         Spirit   .   (helmet restricted)
rElec    .         Reflect  .   o - +0 cloak
rCorr    .         Harm     .   (no gloves)
MR       .....                  (no boots)
Stlth    +.........             (no amulet)
HPRegen  0.16/turn              (no ring)
MPRegen  0.11/turn              (no ring)

@: confused
A: unfitting armour, cold-blooded, AC +5
a: no special abilities


You were on level 3 of the Dungeon.
You were not hungry.

You visited 1 branch of the dungeon, and saw 3 of its levels.

You collected 135 gold pieces.

Inventory:

Hand Weapons
 a - a +0 dagger
 e - a +1 dagger of distortion (weapon)
 s - a +0 falchion
Armour
 o - a +0 cloak (worn)
Jewellery
 f - an uncursed ring of fire {unknown}
Wands
 r - a wand of clouds (5)
Scrolls
 g - 3 scrolls of teleportation {unknown}
 h - 3 scrolls of remove curse {unknown}
 n - a scroll of blinking {unknown}
Potions
 c - a potion of degeneration {unknown}
 d - 2 potions of brilliance {unknown}
 i - a potion of magic {unknown}
 j - a potion of flight {unknown}
 k - a potion of berserk rage {unknown}
 l - a potion of agility {unknown}
 m - 2 potions of mutation {unknown}
 p - a potion of might {unknown}
Comestibles
 b - 5 rations
 q - 2 chunks of flesh


   Skills:
 - Level 5.1 Fighting
 - Level 1.7 Dodging
 - Level 1.7 Stealth
 - Level 2.0 Spellcasting
 - Level 4.0 Conjurations
 + Level 0.2 Hexes


You had 3 spell levels left.
You knew the following spells:

 Your Spells              Type           Power        Failure   Level  Hunger
a - Magic Dart            Conj           ##..         4%          1    #......
b - Searing Ray           Conj           ##....       6%          2    ###....
c - Ensorcelled Hibernat  Hex/Ice        #.....       30%         2    ###....

Your spell library contained the following spells:

 Spells                   Type           Power        Failure   Level  Hunger
 Corona                   Hex            #......      19%         1    #......
 Dazzling Spray           Conj/Hex       #.....       26%         3    ###....
 Confuse                  Hex            #.......     50%         3    ###....
 Tukima's Dance           Hex            #.......     50%         3    ###....
 Iskenderun's Mystic Bla  Conj           ##......     36%         4    #####..
 Force Lance              Conj/Tloc      #.......     65%         4    #####..
 Fulminant Prism          Conj/Hex       #.........   65%         4    #####..


Dungeon Overview and Level Annotations

Branches:
Dungeon (3/15)

Altars:
Trog

Annotations:
D:3 2 transporters, 1 runed translucent door, Crazy Yiuf; Sigmund; bmj180's ghost, amateur HOFi


Innate Abilities, Weirdness & Mutations

Your plain brown scales are hard. (AC +5)
You cannot fit into any form of body armour.
You are cold-blooded and may be slowed by cold attacks.


Message History

The puff of flame hits you.
You barely miss something.
You hear some strange, mumbled words.
You are confused.
You closely miss something. Something hits you.
You hear a zap.
A puff of flame appears from out of thin air!
The puff of flame hits you! Something hits you!
You closely miss something. Something hits you.
* * * LOW HITPOINT WARNING * * *
Something hits you.
* * * LOW HITPOINT WARNING * * *
You feel less confused.
You miss something. Something hits you!
* * * LOW HITPOINT WARNING * * *
You hit something.
You are confused.
You're too confused to move!
Something hits you.
You die...

.# ...# .. .# #..# .##.# #..#
.##.# #..# ##.##.# #####..# #
#..##.#####......##
#.#.##...$...........
#####.#.##..#####.####.## ##
........@..............# .
......#.###.....).####### #.
#######.# #######.##≈≈≈≈≈ #.#
######.# #.##≈##.#
##...###......# ###.##≈..##
###.###.##(#.##.#######...##≈##..
....##....................##≈#†##
###.##.≈≈≈≈≈≈≈≈≈≈≈≈≈≈≈≈≈...#≈≈..≈
.......≈≈≈≈≈≈≈≈≈≈≈≈≈≈≈≈≈...###''#


There were no monsters in sight!

Vanquished Creatures
  An orc priest (D:3)
  Jessica (D:3)
  3 oozes
  2 worms
  4 dart slugs
  5 leopard geckos
  3 orcs
  A ball python (D:1)
  3 bats
  A giant cockroach (D:1)
  5 hobgoblins
  3 jackals (D:1)
  2 frilled lizards
  5 goblins
  4 kobolds
  6 rats
49 creatures vanquished.

Vanquished Creatures (others)
  A quokka (D:2)
  3 plants (D:3)
4 creatures vanquished.

Grand Total: 53 creatures vanquished

Notes
Turn   | Place    | Note
-------+----------+-------------------------------------------
     0 | D:1      | Leeroy the Draconian Conjurer began the quest for the Orb.
     0 | D:1      | Reached XP level 1. HP: 14/14 MP: 3/3
    57 | D:1      | Reached skill level 1 in Fighting
    98 | D:1      | Reached XP level 2. HP: 18/24 MP: 5/5
   102 | D:1      | Learned a level 2 spell: Searing Ray
   119 | D:1      | Reached skill level 2 in Fighting
   434 | D:1      | Reached skill level 3 in Fighting
   435 | D:1      | Reached XP level 3. HP: 31/31 MP: 6/6
   589 | D:2      | Found a bloodstained altar of Trog.
   740 | D:2      | Learned a level 2 spell: Ensorcelled Hibernation
   964 | D:2      | Reached skill level 4 in Fighting
  1011 | D:3      | Found a transporter.
  1012 | D:3      | Found a transporter.
  1015 | D:3      | Noticed Jessica
  1096 | D:3      | Reached XP level 4. HP: 40/40 MP: 7/7
  1432 | D:3      | Found a runed translucent door.
  1433 | D:3      | Noticed Crazy Yiuf
  1464 | D:3      | Noticed bmj180's ghost (amateur HOFi)
  1521 | D:3      | Killed Jessica
  1521 | D:3      | Reached skill level 5 in Fighting
  1609 | D:3      | Identified the +6 spear "Japn" {venom, Dex+2}
  1609 | D:3      | Identified the +5 scale mail of Vots {-Tele rF+ MR+ Regen+}
  1609 | D:3      | Noticed a gnoll sergeant
  1614 | D:3      | Reached XP level 5. HP: 47/48 MP: 8/8
  1616 | D:3      | Noticed Sigmund
  1647 | D:3      | HP: 2/48 [something (12)]
  1650 | D:3      | Slain by Sigmund

Levels and vault maps discovered:
D:1:      dpeg_arrival_rhombi, layout_basic, serial_glass, glass_columns_a,
          glass_columns_a
D:2:      layout_rooms, first_ration, trog_butcher_becter
D:3:      layout_loops_ring, gammafunk_ghost_gnarly_gnolls,
          kennysheep_generic_room_12, uniq_sigmund, uniq_crazy_yiuf_cottage,
          uniq_jessica

Skill      XL: |  1  2  3  4 |
---------------+-------------+-----
Fighting       | 1 3 4 5 |  5.1
Dodging        | |  1.7
Stealth        | |  1.7
Spellcasting   | |  2.0
Conjurations   | |  4.0
Hexes          | |  0.2

Action                   |  1- 3 |  4- 6 || total
-------------------------+-------+-------++-------
Melee: Unarmed           |    12 |       ||    12
       Dagger            |    82 |    33 ||   115
       Tailslap          |     7 |     4 ||    11
 Cast: Magic Dart        |     6 |     5 ||    11
 Stab: Sleeping          |     3 |       ||     3
  Eat: Chunk             |       |     3 ||     3
Armor: Skin              |    12 |     7 ||    19
Dodge: Dodged            |    44 |    16 ||    60

Table legend:
 A = Non-vault XP
 B = Vault XP
 C = Vault XP percentage of total XP
 D = Non-vault monster count
 E = Vault monster count
 F = Vault count percentage of total count
                 A         B        C        D         E       F
            +---------+---------+-------+---------+---------+-------
      Total |     146 |      52 |  26.3 |      43 |       7 |  14.0
            +---------+---------+-------+---------+---------+-------
        D:1 |      46 |       0 |   0.0 |      21 |       0 |   0.0
        D:2 |      38 |       9 |  19.1 |      14 |       4 |  22.2
        D:3 |      62 |      43 |  41.0 |       8 |       3 |  27.3
            +---------+---------+-------+---------+---------+-------
